 Dungeon Crawl Stone Soup version 0.22.1-2-g9c5b331 (webtiles) character file.

5426 Monzz the Basher (level 10, 0/90 HPs)
             Began as a Minotaur Berserker on Dec 16, 2018.
             Was a High Priest of Trog.
             Killed from afar by an electric eel (12 damage)
             ... with a bolt of electricity
             ... on level 8 of the Dungeon.
             The game lasted 00:21:32 (8211 turns).

Monzz the Basher (Minotaur Berserker)               Turns: 8211, Time: 00:21:33

Health: 0/90       AC:  9    Str: 23    XL:     10   Next: 40%
Magic:  9/9        EV: 14    Int:  4    God:    Trog [*****.]
Gold:   385        SH:  0    Dex: 14    Spells: 9/9 levels left

rFire    . . .     SeeInvis .   a - +1 mace
rCold    . . .     Gourm    .   (no shield)
rNeg     . . .     Faith    .   B - +2 ring mail {rPois}
rPois    +         Spirit   .   (helmet restricted)
rElec    .         Reflect  .   (no cloak)
rCorr    .         Harm     +   (no gloves)
MR       .....                  (no boots)
Stlth    +.........             l - amulet of harm
HPRegen  0.25/turn              p - +2 ring of dexterity
MPRegen  0.11/turn              x - +2 ring of slaying

@: no status effects
A: retaliatory headbutt, horns 2
a: Berserk, Trog's Hand, Brothers in Arms, Renounce Religion


You were on level 8 of the Dungeon.
You worshipped Trog.
Trog was extremely pleased with you.
You were not hungry.

You visited 1 branch of the dungeon, and saw 8 of its levels.
You also visited: Sewer.

You collected 385 gold pieces.

Inventory:

Hand Weapons
 a - a +1 mace (weapon)
 w - a +2 antimagic great sword
Missiles
 v - a javelin of returning (quivered)
 A - a tomahawk
 D - a poisoned tomahawk
Armour
 r - a +1 scale mail
 B - a +2 ring mail of poison resistance (worn)
 C - a +0 plate armour
Jewellery
 d - an uncursed amulet of faith {unknown}
 l - an amulet of harm (around neck)
 p - a +2 ring of dexterity (left hand)
 x - a +2 ring of slaying (right hand)
Wands
 s - a wand of disintegration (10)
 u - a wand of random effects (60)
 y - a wand of enslavement (5)
Scrolls
 b - 2 scrolls of identify
 f - 2 scrolls of enchant weapon
 g - 3 scrolls of immolation
 i - 2 scrolls of noise
 o - 3 scrolls of teleportation
 t - 2 scrolls of enchant armour
Potions
 e - a potion of magic {unknown}
 h - 2 potions of haste
 j - 2 potions of heal wounds
 k - 4 potions of might
 n - a potion of agility {unknown}
 q - a potion of degeneration {unknown}
 z - a potion of curing {unknown}
Comestibles
 c - 17 rations
 m - 3 chunks of flesh


   Skills:
 + Level 8.6 Fighting
 + Level 12.2 Maces & Flails
 + Level 3.4 Throwing
 + Level 9.3 Armour
 + Level 5.4 Dodging
 + Level 2.2 Stealth


You had 9 spell levels left.
You didn't know any spells.
Your spell library was empty.

Dungeon Overview and Level Annotations

Branches:
Dungeon (8/15)             Temple (0/1) D:5
   Lair: D:8-11

Altars:
Cheibriados
Fedhas
Nemelex Xobeh
Uskayaw
Vehumet
Xom
Zin


Innate Abilities, Weirdness & Mutations

You reflexively headbutt those who attack you in melee.
You have a pair of horns on your head.


Message History

Throwing (i - inventory. (/) - cycle)
v - a javelin of returning (quivered)
Press: ? - help, Shift-Dir - straight line, f/p - electric eel
Aim: an electric eel You throw a javelin of returning.
The javelin of returning barely misses the electric eel.
The javelin of returning returns to your pack!
The electric eel shoots out a bolt of lightning at you!
The bolt of electricity hits you!
The electric eel shoots out a bolt of lightning at you!
The bolt of electricity hits you!
* * * LOW HITPOINT WARNING * * *
The electric eel shoots out a bolt of lightning at you!
The bolt of electricity hits you!
* * * LOW HITPOINT WARNING * * *
Found 10 arrows.
You see here 4 poisoned tomahawks.
A hound comes into view.
The electric eel shoots out a bolt of lightning at you!
The bolt of electricity hits you!
You die...

....'..###.####.#≈
....##.#...#.....≈≈≈≈≈h≈
##+###.#.#.#.#...≈≈≈≈≈≈.
#.........#.≈≈≈≈≈..
###.#.......≈≈≈≈≈≈.
........#....h..≈≈≈≈≈≈.
#.......#.#####..≈≈≈≈.≈
#......<#.# #...≈≈≈≈.
#########[#####@..≈≈≈≈≈
#...[†.).(((;.(≈≈≈
#.##.#####....≈≈≈≈ #+
#.# #...≈.≈≈≈ ..#
#...≈.≈≈≈ ...# #...≈(.≈≈
....# #........ .....#
##...(... #.....# ######


You could see a hound (wandering) and an electric eel.

Vanquished Creatures
  Gastronok (D:8)
  Psyche (D:8)
  A troll (D:8)
  An ice beast (D:6)
  3 orc warriors
  2 sky beasts
  2 ogres
  A black bear (D:6)
  A phantom (D:7)
  4 centaurs
  5 bullfrogs
  3 scorpions
  5 wights (D:7)
  2 howler monkeys (D:4)
  A bullfrog zombie (D:6)
  2 crimson imps
  A centaur zombie (D:7)
  A jelly (D:8)
  A quasit (D:6)
  4 hounds
  13 orc wizards
  2 orc priests
  3 worker ants
  2 iguanas (D:6)
  2 worker ant zombies
  13 adders
  9 gnolls
  2 shadow imps
  8 worms
  2 dart slugs
  7 leopard geckos
  25 orcs
  14 giant cockroaches
  5 goblins
  6 hobgoblins
  13 jackals
  2 quokkas
  2 ball pythons (Sewer)
  9 bats
  14 frilled lizards
  A jackal skeleton (D:4)
  A jackal zombie (D:6)
  11 kobolds
  9 rats
217 creatures vanquished.

Vanquished Creatures (others)
  An orc wizard (D:6)
1 creature vanquished.

Grand Total: 218 creatures vanquished

Notes
Turn   | Place    | Note
-------+----------+-------------------------------------------
     0 | D:1      | Monzz the Minotaur Berserker began the quest for the Orb.
     0 | D:1      | Reached XP level 1. HP: 19/19 MP: 0/0
    40 | D:1      | HP: 1/20 [rat (2)]
    41 | D:1      | Reached XP level 2. HP: 2/27 MP: 1/1
   356 | D:1      | Reached skill level 4 in Maces & Flails
   541 | D:1      | Reached XP level 3. HP: 28/34 MP: 2/2
   644 | D:1      | Reached ** piety under Trog
  1034 | D:1      | Found a snail-covered altar of Cheibriados.
  1387 | D:2      | Reached XP level 4. HP: 16/41 MP: 3/3
  1700 | D:2      | Reached skill level 5 in Maces & Flails
  1930 | D:2      | Found a blossoming altar of Fedhas.
  1930 | D:2      | Found a sparkling altar of Nemelex Xobeh.
  2364 | D:2      | Reached XP level 5. HP: 45/47 MP: 4/4
  2801 | D:3      | Reached *** piety under Trog
  2806 | D:3      | Noticed a dagger
  2809 | D:3      | Found a hide-covered altar of Uskayaw.
  2809 | D:3      | Noticed a dagger
  3299 | D:3      | Reached skill level 6 in Maces & Flails
  3654 | D:4      | Noticed an ogre
  3656 | D:4      | Reached skill level 5 in Fighting
  3664 | D:4      | Killed an ogre
  3664 | D:4      | Reached XP level 6. HP: 16/56 MP: 5/5
  3978 | D:4      | Reached XP level 7. HP: 12/62 MP: 6/6
  4186 | D:4      | Found a glowing drain.
  4211 | Sewer    | Entered a sewer
  4276 | Sewer    | Reached skill level 7 in Maces & Flails
  4278 | Sewer    | Reached **** piety under Trog
  4897 | D:4      | Found a radiant altar of Vehumet.
  5187 | D:5      | Entered Level 5 of the Dungeon
  5238 | D:5      | Found a shimmering altar of Xom.
  5402 | D:5      | Reached skill level 5 in Armour
  5402 | D:5      | Reached skill level 1 in Stealth
  5405 | D:5      | Reached skill level 8 in Maces & Flails
  5500 | D:5      | Reached XP level 8. HP: 49/71 MP: 7/7
  5504 | D:5      | Found a glowing silver altar of Zin.
  5679 | D:5      | Received a gift from Trog
  5761 | D:5      | Found a staircase to the Ecumenical Temple.
  6201 | D:6      | Reached skill level 9 in Maces & Flails
  6484 | D:6      | Reached ***** piety under Trog
  7105 | D:6      | Reached XP level 9. HP: 54/79 MP: 8/8
  7113 | D:6      | Received a gift from Trog
  7129 | D:6      | Reached skill level 10 in Maces & Flails
  7303 | D:7      | Reached skill level 5 in Dodging
  7779 | D:7      | Reached skill level 11 in Maces & Flails
  7898 | D:7      | Received a gift from Trog
  7921 | D:8      | Reached skill level 1 in Throwing
  7981 | D:8      | Noticed Gastronok
  8000 | D:8      | Noticed a troll
  8009 | D:8      | Killed Gastronok
  8009 | D:8      | Reached skill level 12 in Maces & Flails
  8009 | D:8      | Reached XP level 10. HP: 42/90 MP: 9/9
  8198 | D:8      | Noticed Psyche
  8201 | D:8      | Killed Psyche
  8211 | D:8      | Killed from afar by an electric eel

Skill      XL: |  1  2  3  4  5  6  7  8  9 10 |
---------------+-------------------------------+-----
Fighting       | 4 5 6 7 8 |  8.6
Maces & Flails | 4 5 6 8 9 12 | 12.2
Armour         | 3 5 7 9 |  9.3
Dodging        | 3 4 5 |  5.4
Stealth        | 1 2 |  2.2
Throwing       | 2 3 |  3.4

Action                   |  1- 3 |  4- 6 |  7- 9 | 10-12 || total
-------------------------+-------+-------+-------+-------++-------
Melee: Mace              |    90 |   151 |   312 |     9 ||   562
       Headbutt          |     8 |    23 |    71 |     2 ||   104
Throw: Stone             |       |     2 |       |       ||     2
       Tomahawk          |       |       |    15 |     3 ||    18
       Javelin           |       |       |     4 |     5 ||     9
  Use: Scroll            |     4 |       |    12 |       ||    16
       Potion            |       |       |     4 |     1 ||     5
  Eat: Chunk             |     2 |     8 |     9 |     1 ||    20
       Ration            |       |       |     1 |       ||     1
Armor: Animal skin       |    15 |       |       |       ||    15
       Leather armour    |       |    14 |       |       ||    14
       Ring mail         |       |    22 |    11 |     2 ||    35
       Scale mail        |       |       |    68 |       ||    68
Dodge: Dodged            |    57 |   103 |   147 |    11 ||   318
